 Dungeon Crawl Stone Soup version 0.20-a0-1114-g33edf32 (webtiles) character file.

23091 grindst0ne the Fighter (level 12, -2/100 HPs)
             Began as a Demonspawn Berserker on May 6, 2017.
             Was the Champion of Trog.
             Killed from afar by an acid dragon (9 damage)
             ... with a splash of acid
             ... on level 12 of the Dungeon.
             The game lasted 00:53:47 (16152 turns).

grindst0ne the Fighter (Demonspawn Berserker)      Turns: 16152, Time: 00:53:47

Health: -2/100     AC: 13    Str: 25 (26) XL:     12   Next: 68%
Magic:  4/4        EV: 16    Int:  7 (8)  God:    Trog [******]
Gold:   851        SH:  0    Dex: 18      Spells: 11/11 levels left

rFire    . . .     SeeInvis +   l - +4 great mace (antimagic)
rCold    . . .     Gourm    .   (shield currently unavailable)
rNeg     . . .     Faith    .   o - +2 chain mail {MR+}
rPois    +         Spirit   .   (helmet unavailable)
rElec    +         Reflect  .   y - +0 cloak
rCorr    .         Harm     .   a - +1 pair of gloves {Dex+3}
MR       ++...                  E - +0 pair of boots
Stlth    ..........             K - amulet of magic regeneration
Regen    1.3/turn               B - ring of protection from magic
MPRegen  0.2/turn               d - ring of Laruibas {rElec rPois SInv}

@: mighty, corroded, slowed, very slow
A: antennae 3, molten scales 2, blurry vision 1, demonic guardian 2,
deterioration 1, powered by death 1
a: Berserk, Trog's Hand, Brothers in Arms, Burn Spellbooks, Renounce Religion


You were on level 12 of the Dungeon.
You worshipped Trog.
Trog was exalted by your worship.
You were very hungry.

You visited 1 branch of the dungeon, and saw 12 of its levels.

You collected 851 gold pieces.

Inventory:

Hand Weapons
 l - a +4 antimagic great mace (weapon)
 A - a +5 flail of protection
 H - a +0 whip of flaming
 M - a +1 antimagic battleaxe
Missiles
 m - 39 poisoned needles
 u - 8 curare-tipped needles
 R - 6 poisoned javelins (quivered)
Armour
 a - a +1 pair of gloves of dexterity (worn)
 o - a +2 chain mail of magic resistance (worn)
 y - a +0 cloak (worn)
 E - a +0 pair of boots (worn)
 F - a +1 troll leather armour
 O - a +1 hat
Jewellery
 d - the ring of Laruibas (right hand) {rElec rPois SInv}
   (You acquired it on level 10 of the Dungeon)

   [ring of poison resistance]

   It insulates you from electricity.
   It protects you from poison.
   It lets you see invisible.
 f - an uncursed ring of ice
 B - a ring of protection from magic (left hand)
 J - an uncursed ring of magical power {unknown}
 K - an amulet of magic regeneration (around neck)
 T - an uncursed ring of stealth
 U - an uncursed ring of fire
Wands
 D - a wand of paralysis (11/24)
 G - a wand of disintegration (0/24)
 L - a wand of confusion (20/48)
 P - a wand of flame (0/48)
 Q - a wand of acid (6/15)
 Z - a wand of scattershot (5/9)
Scrolls
 g - 8 scrolls of teleportation
 h - 9 scrolls of remove curse
 i - 2 scrolls of identify
 n - a scroll of fear
 z - 3 scrolls of recharging
 I - 2 scrolls of fog
Potions
 b - a potion of degeneration {unknown}
 e - a potion of resistance
 k - a potion of berserk rage
 p - 2 potions of cancellation {unknown}
 r - 6 potions of curing
 t - a potion of lignification
 x - a potion of haste
 X - a potion of flight
Comestibles
 c - 3 royal jellies
 q - 5 fruits
 s - 5 meat rations
 w - 6 bread rations


   Skills:
 - Level 11.2 Fighting
 - Level 2.9(7.3) Axes
 + Level 10.5(10.7) Maces & Flails
 - Level 8.1 Armour
 * Level 11.1 Dodging
 - Level 0.2 Stealth


You had 11 spell levels left.
You didn't know any spells.

Dungeon Overview and Level Annotations

Branches:
Dungeon (12/15)            Temple (0/1) D:4            Lair (0/6) D:8
    Orc (0/2) D:11

Altars:
Ashenzari
Cheibriados
Dithmenos
Fedhas
Gozag
Makhleb
Nemelex Xobeh
Uskayaw
Vehumet
Wu Jian
Xom
Yredelemnul
Zin


Innate Abilities, Weirdness & Mutations

You have a pair of large antennae on your head. (SInv)
You are mostly covered in molten scales. (AC +3)
A demonic guardian rushes to your aid.
You regenerate a little health from kills.
Scrolls take you a little longer to read.
Your body sometimes deteriorates upon taking damage.


Message History

You feel yourself slow down. The acid dragon spits acid at you.
The splash of acid hits you! The acid corrodes you!
You are splashed with acid!
The acid burns!
Your soul eater barely misses the phantom.
The phantom blinks!
You hit the cyclops.
The cyclops is lightly wounded.
The cyclops hits you!!
Your body deteriorates!
You feel dopey. The cyclops hits you.
* * * LOW HITPOINT WARNING * * *
You thump the cyclops!
The cyclops is moderately wounded.
Your soul eater hits the phantom.
The cyclops hits you!!
* * * LOW HITPOINT WARNING * * *
Your body deteriorates!
You feel weakened. The acid dragon spits acid at you.
The splash of acid hits you!
You die...

######## ####...[..##
*#..........####
**............#.# ******
**,...........(..##*,,,,**
*,,..........C(...#*,,,,,**
*,,.......<.@D..$.#,,,,,,,*
**,.......ยง)......#.......##
*,.......(W...............##
*,...(..3......##..........#
*,........!..####..........#
**..........## #............
*#.....(.### #............
###...########............
*,...#####..##3e..........


You could see a cyclops, a phantom, an acid dragon and a friendly soul eater.

Vanquished Creatures
  An ogre mage (D:11)
  5 two-headed ogres
  Pikel (D:6)
  A cyclops (D:12)
  An ugly thing (D:9)
  2 manticores
  A centaur skeleton (D:10)
  A komodo dragon (D:10)
  2 trolls
  A hornet (D:12)
  3 slime creatures
  2 hippogriffs
  The ghost of Paps the Covered, an amateur GrFi (D:3)
  A spriggan (D:7)
  Sigmund (D:2)
  5 yaks
  A vampire (D:11)
  2 wraiths
  A steam dragon (D:11)
  3 hungry ghosts
  3 vampire mosquitoes (D:12)
  A soldier ant (D:12)
  A water moccasin (D:11)
  3 ice beasts
  8 orc warriors
  2 sky beasts (D:9)
  A hornet zombie (D:12)
  11 ogres
  3 necrophages
  2 boggarts (D:11)
  12 centaurs
  4 phantoms
  A crocodile (D:11)
  7 bullfrogs
  A wyvern zombie (D:10)
  2 wyvern skeletons
  6 scorpions
  A water moccasin skeleton (D:8)
  22 wights
  10 killer bees
  An electric eel (D:7)
  6 howler monkeys
  A lava snake (D:8)
  A bullfrog zombie (D:8)
  5 crimson imps
  A quasit (D:9)
  2 bullfrog skeletons
  2 centaur zombies
  6 hounds
  6 human zombies (D:9)
  2 jellies (D:10)
  3 gnoll shamans
  9 orc priests
  3 iguanas
  14 orc wizards
  6 worker ants
  An ogre zombie (D:9)
  3 mummies (D:9)
  A worker ant zombie (D:5)
  11 gnolls
  A howler monkey skeleton (D:7)
  12 adders
  An ooze (D:3)
  An adder zombie (D:7)
  2 worms
  3 dart slugs
  5 leopard geckos
  50 orcs
  10 giant cockroaches
  7 goblins
  6 hobgoblins
  11 jackals
  9 kobolds
  10 quokkas
  9 bats
  9 frilled lizards
  A jackal skeleton (D:4)
  A leopard gecko skeleton (D:4)
  A quokka skeleton (D:4)
  2 quokka zombies (D:8)
  9 rats
  4 fungi (D:10)
  6 plants (D:10)
391 creatures vanquished.

Vanquished Creatures (collateral kills)
  A yaktaur captain (D:9)
  A centaur warrior (D:9)
  A two-headed ogre (D:11)
  A deep elf archer (D:9)
  A deep elf mage (D:12)
  An ugly thing (D:11)
  A cyclops (D:11)
  Joseph (D:8)
  Maurice (D:8)
  A gargoyle (D:12)
  A hippogriff (D:9)
  5 yaks
  Eustachio (D:4)
  A vampire mosquito (D:12)
  3 water moccasins
  3 slaves (D:6)
  3 boggarts (D:11)
  3 ogres
  2 centaurs
  A bullfrog (D:9)
  2 scorpions
  4 killer bees
  A wight (D:8)
  A quasit (D:12)
  A hound (D:12)
  3 orc wizards
  A worker ant (D:6)
  3 adders
  4 orcs
  A quokka (D:8)
54 creatures vanquished.

Vanquished Creatures (others)
  A slave (D:6)
  A hound skeleton (D:6)
  2 fungi (D:10)
  2 plants (D:10)
6 creatures vanquished.

Grand Total: 451 creatures vanquished

Notes
Turn   | Place    | Note
-------+----------+-------------------------------------------
     0 | D:1      | grindst0ne the Demonspawn Berserker began the quest for the Orb.
     0 | D:1      | Reached XP level 1. HP: 18/18 MP: 1/1
   218 | D:1      | Gained mutation: You are partially covered in molten scales. (AC +2) [demonic ancestry]
   218 | D:1      | Reached XP level 2. HP: 15/24 MP: 2/2
   819 | D:1      | Gained mutation: You have a pair of small antennae on your head. [demonic ancestry]
   819 | D:1      | Reached XP level 3. HP: 21/30 MP: 3/3
   854 | D:1      | Reached ** piety under Trog
  1029 | D:2      | Found a hide-covered altar of Uskayaw.
  1518 | D:2      | Reached XP level 4. HP: 28/38 MP: 4/4
  1971 | D:2      | Noticed Sigmund
  1991 | D:2      | Killed Sigmund
  1991 | D:2      | Reached XP level 5. HP: 28/47 MP: 5/5
  2096 | D:2      | Found a shattered altar of Ashenzari.
  2363 | D:3      | Reached *** piety under Trog
  2526 | D:3      | Gained mutation: You have a pair of antennae on your head. [demonic ancestry]
  2526 | D:3      | Reached XP level 6. HP: 53/53 MP: 6/6
  2636 | D:3      | Noticed Paps's ghost (amateur GrFi)
  2951 | D:3      | Killed Paps's ghost
  3034 | D:3      | Gained mutation: A weak demonic guardian rushes to your aid. [demonic ancestry]
  3034 | D:3      | Reached XP level 7. HP: 29/61 MP: 7/7
  3842 | D:4      | Found a staircase to the Ecumenical Temple.
  4070 | D:4      | Found a snail-covered altar of Cheibriados.
  4071 | D:4      | Found an opulent altar of Gozag.
  4072 | D:4      | Found a shadowy altar of Dithmenos.
  4074 | D:4      | Found an ornate altar of the Wu Jian Council.
  4842 | D:4      | Noticed Eustachio
  4860 | D:4      | Killed Eustachio
  5405 | D:4      | Reached **** piety under Trog
  5408 | D:4      | Gained mutation: A demonic guardian rushes to your aid. [demonic ancestry]
  5408 | D:4      | Reached XP level 8. HP: 71/71 MP: 8/8
  5444 | D:5      | Entered Level 5 of the Dungeon
  5604 | D:5      | Reached skill level 10 in Fighting
  6652 | D:5      | Reached skill level 1 in Maces & Flails
  6999 | D:6      | Noticed Pikel
  7014 | D:6      | Killed Pikel
  7014 | D:6      | Gained mutation: You regenerate a little health from kills. [demonic ancestry]
  7014 | D:6      | Reached XP level 9. HP: 72/81 MP: 9/9
  7650 | D:7      | Reached ***** piety under Trog
  7852 | D:7      | Noticed a troll
  7865 | D:7      | Killed a troll
  8285 | D:7      | Found a radiant altar of Vehumet.
  8285 | D:7      | Found a burning altar of Makhleb.
  8635 | D:8      | Reached skill level 5 in Armour
  8712 | D:8      | Found a staircase to the Lair.
  8712 | D:8      | Noticed Maurice
  8726 | D:8      | Killed Maurice
  8918 | D:8      | Gained mutation: You are mostly covered in molten scales. (AC +3) [demonic ancestry]
  8918 | D:8      | Reached XP level 10. HP: 35/88 MP: 10/10
  8920 | D:8      | Reached skill level 5 in Maces & Flails
  9004 | D:8      | Noticed Joseph
  9013 | D:8      | Killed Joseph
  9330 | D:8      | Identified a scroll of acquirement
  9744 | D:8      | Received a gift from Trog
 10515 | D:9      | Found a glowing silver altar of Zin.
 10515 | D:9      | Found a shimmering altar of Xom.
 10515 | D:9      | Noticed an angel
 10741 | D:9      | Noticed a centaur warrior
 10743 | D:9      | Noticed a red ugly thing
 10752 | D:9      | Killed a centaur warrior
 10764 | D:9      | Killed a red ugly thing
 10786 | D:9      | Noticed a yaktaur captain
 10787 | D:9      | Noticed a deep elf archer
 10798 | D:9      | Killed a yaktaur captain
 10798 | D:9      | Reached XP level 11. HP: 66/93 MP: 11/11
 10806 | D:9      | Killed a deep elf archer
 11221 | D:9      | Gained mutation: Your body sometimes deteriorates upon taking damage. [mutagenic meat]
 11222 | D:9      | Gained mutation: Scrolls take you a little longer to read. [mutagenic meat]
 11243 | D:9      | Reached skill level 5 in Dodging
 11307 | D:9      | Received a gift from Trog
 11323 | D:9      | Found a basalt altar of Yredelemnul.
 11414 | D:9      | Found a blossoming altar of Fedhas.
 11530 | D:10     | Entered Level 10 of the Dungeon
 12395 | D:10     | Got a brightly glowing tin ring
 12397 | D:10     | Identified the ring of Laruibas {rElec rPois SInv} (You acquired it on level 10 of the Dungeon)
 13536 | D:11     | Found a staircase to the Orcish Mines.
 13539 | D:11     | Noticed a cyan ugly thing
 13540 | D:11     | Found a sparkling altar of Nemelex Xobeh.
 13549 | D:11     | Killed a cyan ugly thing
 14163 | D:11     | Reached ****** piety under Trog
 14494 | D:12     | Noticed an ogre mage
 14494 | D:12     | Noticed a two-headed ogre
 14494 | D:12     | Noticed a two-headed ogre
 14494 | D:12     | Noticed a two-headed ogre
 14502 | D:11     | Killed an ogre mage
 14502 | D:11     | Gained mutation: You have a pair of large antennae on your head. (SInv) [demonic ancestry]
 14502 | D:11     | Reached XP level 12. HP: 100/100 MP: 4/12
 14507 | D:11     | Killed a two-headed ogre
 14609 | D:11     | Killed a two-headed ogre
 14623 | D:11     | Killed a two-headed ogre
 15028 | D:12     | Noticed a two-headed ogre
 15039 | D:12     | Killed a two-headed ogre
 15042 | D:12     | Reached skill level 10 in Maces & Flails
 15082 | D:12     | Reached skill level 10 in Dodging
 15506 | D:12     | Noticed a two-headed ogre
 15508 | D:12     | Noticed a two-headed ogre
 15512 | D:12     | Killed a two-headed ogre
 15515 | D:12     | Killed a two-headed ogre
 15704 | D:12     | Received a gift from Trog
 15881 | D:11     | HP: 3/100 [slime creature (5)]
 16152 | D:12     | Killed from afar by an acid dragon

Vault maps used:
D:1:      doesnt_arrival_goblin_jail
D:2:      eat_drink_and_be_merry_uskayaw, marbit_many_paths, uniq_sigmund
D:4:      grunt_temple_overflow_open, minmay_temple_entry_large_hall,
          first_bread, minivault_1, uniq_eustachio
D:5:      minmay_misc_feat_alley
D:6:      uniq_pikel
D:7:      grunt_temple_overflow_lords_of_destruction, the_bakery, minivault_14,
          kennysheep_doodads
D:8:      lair_entry_dummy, kennysheep_dice, uniq_joseph, uniq_maurice
D:9:      minmay_shrinking_squares, grunt_temple_overflow_order_and_chaos_1,
          fedhas_altar_1, lemuel_mausoleum_altar_yredelemnul, st_stairs_10
D:10:     kennysheep_seaside_town, serial_glass, glass_columns_b,
          glass_columns_a, evilmike_minifort
D:11:     orc_0_dummy, nemelex_xobeh_ov_fountains_minmay

Skill      XL: |  1  2  3  4  5  6  7  8  9 10 11 12 |
---------------+-------------------------------------+-----
Fighting       | 4 6 7 9 11 | 11.2
Armour         | 3 5 8 |  8.1
Dodging        | 3 4 9 11 | 11.1
Maces & Flails | 2 4 7 9 10 | 10.5
Axes           | |  2.9
Stealth        | |  0.2

Action                   |  1- 3 |  4- 6 |  7- 9 | 10-12 || total
-------------------------+-------+-------+-------+-------++-------
Melee: Hand axe          |   167 |   170 |   242 |       ||   579
       Flail             |       |       |   191 |   242 ||   433
       Great mace        |       |       |       |   524 ||   524
Invok: Berserk           |       |     3 |    12 |    23 ||    38
       Trog's Hand       |       |       |       |     1 ||     1
Evoke: Wand              |       |       |       |     4 ||     4
  Use: Scroll            |       |    10 |     4 |    11 ||    25
       Potion            |       |       |     1 |    10 ||    11
 Stab: Distracted        |       |       |       |     2 ||     2
       Invisible         |       |       |       |     4 ||     4
  Eat: Chunk             |     2 |     3 |    29 |    27 ||    61
       Bread ration      |       |     1 |       |     4 ||     5
       Fruit             |       |     1 |       |       ||     1
       Meat ration       |       |       |       |     1 ||     1
       Royal jelly       |       |       |       |     2 ||     2
Armor: Animal skin       |    17 |       |       |       ||    17
       Chain mail        |    95 |    96 |   274 |   497 ||   962
       Troll leather arm |       |       |    34 |    17 ||    51
Dodge: Dodged            |   114 |    77 |   246 |   575 ||  1012
Block: Large shield      |       |       |       |    53 ||    53
